Map: Turbo Cruise '84 LE

Players

LuCky - Winner!

  • Race: Protoss Protoss
  • League: Diamond
  • Spawn Location: 7:00

PeLLy

  • Race: Zerg Zerg
  • League: Diamond
  • Spawn Location: 3:00

VOD

Have the link to the VOD?

Description

Time

  • Played on: Aug. 18, 2019, 8:49 a.m.
  • Length: 16:10
Show
View Real Time Build Order
Export as new Build Order

LuCky Protoss - Winner!

Build Orders: Forge Fast Expand (FFE) 

Get SALT Encoding   

  12  0:01  Probe  
  13  0:13  Probe  
  14  0:24  Pylon  
  14  0:25  Probe  
  15  0:39  Probe  
  16  0:47  Probe  
  16  0:56  Probe  
  17  0:58  Forge  
  18  1:16  Nexus  
  18  1:20  Probe  
  19  1:32  Probe  
  20  1:44  Probe  
  21  1:56  Probe, Assimilator  
  22  2:05  Pylon  
  22  2:08  Probe  
  23  2:18  Gateway  
  23  2:19  Photon Cannon  
  23  2:23  Probe  
  23  2:29  Probe  
  24  2:32  Photon Cannon  
  24  2:35  Probe  
  25  2:41  Probe  
  25  2:43  Pylon  
  26  2:47  Probe  
  27  2:53  Probe  
  28  2:59  Probe  
  29  3:05  Probe  
  29  3:06  Zealot  
  29  3:11  Probe  
  31  3:18  Probe  
  31  3:19  Probe  
  32  3:22  Assimilator  
  33  3:28  Probe  
  33  3:30  Gateway, Probe  
  33  3:33  Cybernetics Core  
  35  3:35  Zealot  
  35  3:38  Probe x2  
  35  3:40  Pylon  
  38  3:46  Probe x2  
  39  3:54  Probe  
  41  3:56  Probe, Assimilator  
  41  3:59  Assimilator  
  41  4:00  Warp Gate  
  43  4:04  Probe  
  43  4:08  Probe  
  45  4:13  Stargate  
  45  4:16  Pylon  
  45  4:18  Zealot  
  45  4:20  Probe  
  45  4:23  Robotics Facility  
  48  4:26  Pylon  
  48  4:31  Probe  
  48  4:32  Pylon  
  48  4:36  Photon Cannon  
  49  4:39  Probe  
  50  4:47  Probe  
  51  4:55  Zealot  
  51  4:58  Zealot  
  53  5:00  Void Ray  
  53  5:04  Gateway  
  57  5:08  Pylon  
  57  5:11  Observer  
  58  5:26  Immortal  
  58  5:29  Forge  
  58  5:30  Protoss Ground Weapons Level 1  
  58  5:31  Forge  
  58  5:35  Nexus  
  62  5:37  Pylon  
  62  5:40  Pylon  
  62  5:49  Stalker  
  64  6:03  Protoss Shields Level 1  
  64  6:09  Robotics Bay  
  63  6:19  Probe  
  64  6:29  Observer  
  65  6:35  Phoenix  
  65  6:38  Pylon  
  65  6:39  Probe  
  69  6:40  Probe  
  69  6:49  Probe, Observer  
  69  6:51  Probe  
  69  6:52  Probe  
  73  6:58  Probe  
  73  7:01  Colossus  
  73  7:02  Photon Cannon  
  73  7:04  Probe x2, Photon Cannon  
  73  7:06  Photon Cannon  
  73  7:07  Probe  
  76  7:09  Photon Cannon  
  76  7:12  Photon Cannon  
  83  7:19  Probe  
  84  7:31  Probe  
  84  7:35  Probe  
  86  7:50  Fleet Beacon  
  86  7:54  Colossus  
  92  8:05  Gateway  
  92  8:07  Gateway  
  92  8:09  Gateway  
  92  8:11  Gateway  
  92  8:12  Protoss Ground Armor Level 1  
  92  8:17  Twilight Council  
  92  8:19  Extended Thermal Lance  
  92  8:26  Pylon  
  92  8:29  Pylon  
  92  8:33  Pylon  
  92  8:38  Colossus, Probe x2  
  94  8:42  Assimilator  
  94  8:44  Assimilator  
  94  8:46  Probe  
  95  8:50  Probe  
  102  8:56  Protoss Shields Level 2  
  102  8:57  Protoss Ground Weapons Level 2  
  102  8:58  Zealot x3  
  108  9:15  Robotics Facility  
  108  9:16  Robotics Facility  
  108  9:21  Colossus  
  108  9:30  Pylon  
  108  9:35  Nexus  
  108  9:36  Pylon  
  114  9:39  Pylon  
  114  9:41  Pylon  
  114  9:42  Pylon  
  114  9:49  Charge  
  114  9:52  Zealot x5, Colossus  
  120  9:53  Zealot x2  
  120  9:54  Colossus  
  128  10:05  Colossus  
  140  10:13  Probe  
  140  10:14  Protoss Ground Armor Level 2  
  141  10:20  Nexus  
  147  10:32  Nexus  
  147  10:36  Stalker x3  
  153  10:46  Observer  
  153  10:49  Observer  
  155  10:55  Pylon  
  155  11:00  Pylon, Stalker  
  155  11:01  Stalker x4  
  155  11:02  Stalker x2  
  169  11:05  Pylon  
  169  11:10  Photon Cannon  
  169  11:15  Pylon  
  170  11:18  Observer  
  162  11:40  Zealot x3  
  162  11:41  Zealot x3  
  162  11:42  Zealot  
  153  11:47  Colossus x3  
  153  11:52  Protoss Ground Weapons Level 3  
  134  12:23  Zealot  
  134  12:24  Zealot x4  
  134  12:25  Zealot x2  
  142  12:40  Colossus  
  142  12:45  Stalker x5  
  136  12:53  Stalker  
  136  12:54  Stalker  
  124  13:08  Stalker x3  
  116  14:01  Zealot x2  
  116  14:02  Zealot x5  
  128  14:20  Observer  
  129  14:25  Pylon  
  123  14:44  Observer  
  124  14:47  Nexus  
  124  15:04  Carrier  
  122  15:18  Stargate  
  122  15:20  Stargate  
  122  15:22  Stargate  
  122  15:33  Probe  
  122  15:34  Probe  
  124  15:43  Nexus  
Show
View Real Time Build Order
Export as new Build Order

PeLLy Zerg 

Build Orders: Hatch First, Swarm Host 

Get SALT Encoding   

  12  0:00  Drone  
  13  0:13  Overlord  
  13  0:21  Drone  
  14  0:33  Drone x2  
  16  0:50  Hatchery  
  16  0:54  Drone  
  16  0:56  Drone  
  17  1:12  Spawning Pool  
  17  1:14  Drone  
  17  1:20  Drone  
  17  1:22  Drone  
  19  1:36  Overlord  
  19  1:51  Drone  
  20  1:58  Hatchery  
  19  2:05  Zergling x6  
  19  2:08  Queen  
  24  2:17  Queen  
  26  2:23  Drone  
  27  2:33  Drone x3  
  27  2:36  Drone  
  31  2:38  Drone  
  32  2:46  Overlord  
  32  2:53  Queen  
  32  3:12  Drone  
  32  3:13  Drone x5  
  37  3:21  Drone  
  37  3:22  Drone x4, Extractor  
  37  3:23  Queen  
  37  3:24  Extractor  
  42  3:29  Drone  
  43  3:39  Drone x3  
  46  3:43  Drone x2  
  48  3:48  Drone  
  48  3:49  Drone  
  48  3:50  Overlord x2  
  50  3:56  Extractor x2  
  48  4:05  Spore Crawler  
  48  4:06  Spore Crawler  
  48  4:09  Spore Crawler  
  45  4:16  Lair  
  45  4:19  Zergling x16  
  53  4:49  Drone x8  
  53  4:50  Drone x5  
  53  4:51  Overlord x2  
  66  4:58  Baneling Nest  
  66  4:59  Metabolic Boost  
  65  5:07  Evolution Chamber  
  65  5:11  Evolution Chamber  
  63  5:16  Drone x4  
  63  5:17  Drone x2  
  63  5:20  Extractor  
  63  5:21  Extractor  
  67  5:23  Drone x3  
  70  5:34  Spire  
  69  5:36  Pneumatized Carapace  
  69  5:40  Infestation Pit  
  68  5:55  Hatchery  
  67  6:02  Centrifical Hooks  
  67  6:19  Queen  
  67  6:21  Swarm Host  
  67  6:23  Overlord  
  67  6:24  Overlord x4  
  72  6:28  Nydus Network  
  71  6:36  Drone x3  
  74  6:41  Spine Crawler  
  74  6:42  Spine Crawler  
  74  6:44  Drone x7  
  79  6:50  Extractor, Zerg Missile Weapons Level 1  
  79  6:52  Zerg Melee Weapons Level 1  
  79  6:53  Extractor  
  77  6:56  Drone x2  
  77  6:57  Drone  
  80  7:20  Overseer x2  
  80  7:23  Spore Crawler  
  80  7:29  Queen x3  
  81  7:30  Queen  
  81  7:31  Overlord x3  
  81  7:36  Hydralisk Den  
  86  7:37  Zergling x2  
  86  7:38  Zergling x8  
  91  7:47  Zergling x2  
  91  7:48  Zergling x12  
  98  7:56  Spine Crawler  
  98  7:57  Spine Crawler, Baneling x6  
  96  8:08  Baneling x15  
  96  8:33  Hydralisk x9  
  114  8:37  Overlord  
  114  8:49  Zerg Missile Weapons Level 2  
  114  8:50  Zerg Melee Weapons Level 2  
  114  9:19  Drone x8  
  114  9:22  Overlord x4  
  122  9:35  Hydralisk x7  
  136  9:39  Overlord x3  
  136  9:40  Overlord  
  136  9:56  Swarm Host  
  136  9:57  Swarm Host x6  
  157  10:14  Overseer x3  
  157  10:18  Spine Crawler  
  157  10:20  Spine Crawler  
  155  10:30  Grooved Spines  
  155  10:34  Swarm Host  
  155  10:35  Swarm Host x8  
  182  10:44  Overseer  
  182  11:03  Nydus Canal  
  182  11:11  Hydralisk x5  
  192  11:31  Nydus Canal  
  192  11:42  Muscular Augments  
  152  11:54  Hydralisk  
  152  11:55  Hydralisk x12  
  152  11:56  Corruptor x5  
  166  12:07  Swarm Host  
  169  12:11  Spine Crawler  
  169  12:12  Spine Crawler  
  153  12:25  Hydralisk  
  153  12:26  Hydralisk x6  
  163  12:36  Corruptor  
  150  12:37  Corruptor  
  150  12:53  Corruptor x3  
  135  13:09  Zergling x14  
  130  13:23  Zerg Flyer Weapons Level 1  
  130  13:24  Corruptor  
  130  13:25  Corruptor  
  112  13:35  Corruptor  
  106  13:47  Zergling x12  
  110  13:50  Zergling x2  
  111  14:00  Corruptor  
  109  14:15  Zergling x8  
  113  14:29  Zergling x4  
  95  15:11  Zergling x12  
  101  15:31  Baneling x6  
  101  15:40  Hatchery  
  100  15:49  Hatchery  
Tags
 
Add a new tag
Caveats
  • Supply blocks, unpowered buildings, or Contaminate may cause inaccurate times.
  • Supply counts are checked every 10 seconds.